 Dungeon Crawl Stone Soup version 0.23-a0-629-gae4348f (webtiles) character file.

117 Lanoc the Sneak (level 4, -1/34 HPs)
             Began as a Vampire Hunter on Dec 25, 2018.
             Was a Follower of Dithmenos.
             Slain by an orc priest
             ... wielding a +0 war axe
              (7 damage)
             ... on level 3 of the Dungeon.
             The game lasted 00:09:57 (3001 turns).

Lanoc the Sneak (Vampire Hunter)                    Turns: 3001, Time: 00:09:58

Health: -1/34      AC:  3    Str: 11    XL:     4   Next: 71%
Magic:  4/4        EV: 13    Int: 13    God:    Dithmenos [*.....]
Gold:   144        SH:  0    Dex: 15    Spells: 3/3 levels left

rFire    . . .     SeeInvis +   a - +0 short sword
rCold    + . .     Gourm    .   (no shield)
rNeg     + + .     Faith    .   b - +0 leather armour
rPois    +         Spirit   .   (no helmet)
rElec    .         Reflect  .   (no cloak)
rCorr    .         Harm     .   (no gloves)
MR       .....                  (no boots)
Stlth    ++++......             (no amulet)
HPRegen  0.05/turn              (no ring)
MPRegen  0.09/turn              (no ring)

@: regenerating slowly, wreathed by umbra
A: fangs 3, see invisible, unbreathing
a: Bat Form, Renounce Religion


You were on level 3 of the Dungeon.
You worshipped Dithmenos.
Dithmenos was aware of your devotion.
You were thirsty.

You visited 1 branch of the dungeon, and saw 3 of its levels.

You collected 144 gold pieces.

Inventory:

Hand Weapons
 a - a +0 short sword (weapon)
Missiles
 c - 6 javelins (quivered)
 d - 2 throwing nets
 r - 23 bolts
Armour
 b - a +0 leather armour (worn)
Jewellery
 k - a cursed -4 ring of slaying {unknown}
Scrolls
 g - 3 scrolls of remove curse {unknown}
 j - 2 scrolls of blinking {unknown}
 m - 3 scrolls of teleportation {unknown}
 n - a scroll of enchant weapon {unknown}
 o - a scroll of fog {unknown}
 s - 2 scrolls of identify {unknown}
Potions
 e - 10 potions of blood
 f - 2 potions of haste
 i - a potion of mutation {unknown}
 l - a potion of degeneration {unknown}
 p - a potion of magic {unknown}
 q - 2 potions of brilliance {unknown}
 t - a potion of heal wounds {unknown}


   Skills:
 + Level 2.5 Fighting
 + Level 2.0 Short Blades
 - Level 3.2 Throwing
 + Level 3.1 Dodging
 * Level 4.7 Stealth


You had 3 spell levels left.
You didn't know any spells.
Your spell library contained the following spells:

 Spells                   Type           Power        Failure   Level  Hunger
 Summon Small Mammal      Summ           #...         38%         1    ##.....
 Call Imp                 Summ           #.......     52%         2    ###....
 Call Canine Familiar     Summ           #.......     77%         3    ####...
 Summon Guardian Golem    Hex/Summ       #.......     77%         3    ####...
 Summon Ice Beast         Ice/Summ       #.......     99%         4    #####..
 Summon Lightning Spire   Summ/Air       #.......     99%         4    #####..


Dungeon Overview and Level Annotations

Branches:
Dungeon (3/15)

Altars:
Dithmenos
Elyvilon
Okawaru
Trog
Vehumet
Zin


Innate Abilities, Weirdness & Mutations

You heal slowly.
You have razor-sharp teeth.
You have supernaturally acute eyesight. (SInv)
You can survive without breathing.


Message History

The orc priest hits you with a +0 war axe!
* * * LOW HITPOINT WARNING * * *
It was a potion of curing.
You feel better. The orc priest closely misses you.
You hit the orc priest.
The orc priest is severely wounded.
The orc priest hits you with a +0 war axe!
* * * LOW HITPOINT WARNING * * *
You feel better.
You hit the orc priest but do no damage.
Your bite misses the orc priest.
The orc priest is severely wounded.
The orc priest hits you with a +0 war axe.
* * * LOW HITPOINT WARNING * * *
You hit the orc priest.
The orc priest is severely wounded.
The orc priest barely misses you.
You hit the orc priest.
The orc priest is severely wounded.
The orc priest hits you with a +0 war axe!
You die...

#########
#.......#
#$...$..###
#.........# #
#._8_.#.# #
#.....#.# ###
#....@).# ..#
###.o####
..########.###.##
................#
.<...........#..#
.............#..#
...........! #..#
............##..#
..............>.#


You could see an orc priest.

Vanquished Creatures
  3 adders
  2 oozes (D:1)
  4 worms (D:2)
  2 dart slugs
  A leopard gecko (D:1)
  3 orcs (D:3)
  2 giant cockroaches (D:2)
  8 goblins
  8 hobgoblins
  11 kobolds
  6 ball pythons
  4 bats
  3 frilled lizards
  A jackal skeleton (D:3)
  7 rats
65 creatures vanquished.

Notes
Turn   | Place    | Note
-------+----------+-------------------------------------------
     0 | D:1      | Lanoc the Vampire Hunter began the quest for the Orb.
     0 | D:1      | Reached XP level 1. HP: 16/16 MP: 1/1
    29 | D:1      | Reached skill level 2 in Stealth
    78 | D:1      | Reached XP level 2. HP: 15/22 MP: 2/2
   496 | D:1      | Reached skill level 3 in Stealth
   501 | D:1      | Reached skill level 1 in Short Blades
   515 | D:1      | Reached XP level 3. HP: 8/27 MP: 3/3
  1609 | D:2      | Reached skill level 4 in Stealth
  2006 | D:2      | Reached XP level 4. HP: 23/33 MP: 4/4
  2017 | D:2      | Found a faded altar of an unknown god.
  2043 | D:2      | Became a worshipper of Dithmenos the Shadowed
  2043 | D:2      | Reached * piety under Dithmenos
  2084 | D:2      | Noticed a moth of wrath
  2087 | D:2      | Found a bloodstained altar of Trog.
  2722 | D:3      | Found a radiant altar of Vehumet.
  2846 | D:3      | Found a white marble altar of Elyvilon.
  2959 | D:3      | Found a glowing silver altar of Zin.
  2959 | D:3      | Found an iron altar of Okawaru.
  2995 | D:3      | HP: 1/34 [orc priest/+0 war axe (14)]
  3001 | D:3      | Slain by an orc priest

Vault maps used:
D:1:      onia_arrival_handbag
D:2:      tgw_trog, chequers_ecumenical_altar_lobes, moated_statue
D:3:      lemuel_doored_altar, chequers_temple_overflow_statue_of_worship,
          minivault_27, elyvilon_altar_4

Skill      XL: |  1  2  3  4 |
---------------+-------------+-----
Stealth        | 2 3 4 |  4.7
Fighting       | 2 |  2.5
Short Blades   | 1 2 |  2.0
Dodging        | 3 |  3.1
Throwing       | |  3.2

Action                   |  1- 3 |  4- 6 || total
-------------------------+-------+-------++-------
Melee: Short sword       |   157 |   104 ||   261
       Bite              |    13 |    11 ||    24
Throw: Javelin           |     1 |       ||     1
  Use: Potion            |       |     6 ||     6
 Stab: Sleeping          |    10 |    10 ||    20
Armor: Leather armour    |    27 |    14 ||    41
Dodge: Dodged            |   111 |    47 ||   158

Table legend:
 A = Non-vault XP
 B = Vault XP
 C = Vault XP percentage of total XP
 D = Non-vault monster count
 E = Vault monster count
 F = Vault count percentage of total count
                 A         B        C        D         E       F
            +---------+---------+-------+---------+---------+-------
      Total |     141 |      27 |  16.1 |      56 |       9 |  13.8
            +---------+---------+-------+---------+---------+-------
        D:1 |      51 |      10 |  16.4 |      26 |       4 |  13.3
        D:2 |      59 |      17 |  22.4 |      20 |       5 |  20.0
        D:3 |      31 |       0 |   0.0 |      10 |       0 |   0.0
            +---------+---------+-------+---------+---------+-------
